 Dungeon Crawl Stone Soup version 0.23-a0-860-g8ff03fb (webtiles) character file.

6714 poirepourri the Cleaver (level 10, 0/93 HPs)
             Began as a Minotaur Fighter on Jan 27, 2019.
             Was an Elder of Qazlal.
             Succumbed to a killer bee's poison
             ... on level 10 of the Dungeon.
             The game lasted 00:08:25 (8562 turns).

poirepourri the Cleaver (Minotaur Fighter)          Turns: 8562, Time: 00:08:26

Health: 0/93       AC:  9    Str: 21    XL:     10   Next: 74%
Magic:  9/9        EV:  8    Int:  5    God:    Qazlal [****..]
Gold:   324        SH: 18    Dex: 13    Spells: 9/9 levels left

rFire    . . .     SeeInvis .   a - +1 war axe
rCold    . . .     Gourm    .   c - +1 shield
rNeg     . . .     Faith    .   b - +0 scale mail
rPois    .         Spirit   .   (helmet restricted)
rElec    .         Reflect  .   n - +0 cloak
rCorr    .         Harm     .   (no gloves)
MR       .....                  j - +0 pair of boots
Stlth    +.........             (no amulet)
HPRegen  0.25/turn              m - ring of stealth
MPRegen  0.11/turn              (no ring)

@: lethally poisoned (0 -> -2), berserk cooldown, slowed, repel missiles, very
slow
A: retaliatory headbutt, horns 2
a: Upheaval, Elemental Force, Renounce Religion


You were on level 10 of the Dungeon.
You worshipped Qazlal.
Qazlal was greatly pleased with you.
You were not hungry.

You visited 2 branches of the dungeon, and saw 11 of its levels.

You collected 324 gold pieces.

Inventory:

Hand Weapons
 a - a +1 war axe (weapon)
Armour
 b - a +0 scale mail (worn)
 c - a +1 shield (worn)
 j - a +0 pair of boots (worn)
 n - a +0 cloak (worn)
Jewellery
 d - an uncursed ring of flight
 m - a ring of stealth (left hand)
Wands
 k - a wand of polymorph (4)
Scrolls
 e - 2 scrolls of teleportation
 f - 2 scrolls of remove curse
 g - 2 scrolls of identify
 h - 2 scrolls of magic mapping
 q - 2 scrolls of fear
Potions
 l - 3 potions of brilliance
 p - a potion of cancellation
 r - a potion of might
 u - a potion of agility


   Skills:
 - Level 10.2 Fighting
 - Level 14.1 Axes
 - Level 3.6 Armour
 + Level 9.8 Shields


You had 9 spell levels left.
You didn't know any spells.
Your spell library was empty.

Dungeon Overview and Level Annotations

Branches:
Dungeon (10/15)            Temple (1/1) D:4            Lair (0/6) D:9
    Orc (0/2) D:9

Altars:
Ashenzari
Cheibriados
Dithmenos
Elyvilon
Fedhas
Gozag
Hepliaklqana
Kikubaaqudgha
Makhleb
Nemelex Xobeh
Okawaru
Qazlal
Ru
Sif Muna
Trog
Uskayaw
Vehumet
Wu Jian
Xom
Yredelemnul
Zin
The Shining One
Beogh

Annotations:
D:5 3 runed translucent doors, Voker57's ghost, novice DsGl
D:9 1 exclusion


Innate Abilities, Weirdness & Mutations

You reflexively headbutt those who attack you in melee.
You have a pair of horns on your head.


Message History

You feel sick.
The worker ant is struck by lightning.
You kill the worker ant!
Qazlal accepts your kill. You block the hound's attack. x2
You hear an angry buzzing noise. x6
* * * LOW HITPOINT WARNING * * *
You feel sick. You block the hound's attack.
The hound bites you but does no damage.
A crimson imp comes into view.
You see here a slimy helmet.
* * * LOW HITPOINT WARNING * * *
You feel sick.
The hound is struck by lightning.
You kill the hound!
Qazlal accepts your kill. The hound misses you. You furiously retaliate!
You headbutt the hound!
You hear an angry buzzing noise. x5
* * * LOW HITPOINT WARNING * * *
You feel sick. The hound bites you but does no damage.
Unknown command.
You die...

..h.## ##.
....###...
#.h....)..
.........
##........
##........
#########..††.#
#.@W..5.††...#
#○h.§§.....†##
#...........#
##...####...#
##### ##..#
#..# #..# #..#


You could see a wraith, a hound and a crimson imp.

Vanquished Creatures
  Harold (D:8)
  A gargoyle (D:10)
  Grum (D:8)
  A hungry ghost (D:8)
  2 water moccasins
  A porcupine (D:9)
  4 black bears
  An ice beast (D:9)
  An orc warrior (D:9)
  A sky beast (D:7)
  A phantom (D:5)
  6 wolves
  6 ogres
  2 centaurs
  2 crocodiles (D:9)
  4 bullfrogs
  A big kobold (D:9)
  A gnoll sergeant (D:6)
  4 scorpions
  7 wights
  9 killer bees
  2 crimson imps
  3 jellies
  A quasit (D:7)
  A bullfrog zombie (D:5)
  7 hounds
  Crazy Yiuf (D:2)
  A centaur zombie (D:9)
  6 orc priests
  10 orc wizards
  A bullfrog skeleton (D:9)
  Jessica (D:2)
  7 iguanas
  12 worker ants
  A killer bee zombie (D:9)
  A howler monkey zombie (D:8)
  7 gnolls
  11 adders
  A shadow imp (D:8)
  2 adder skeletons (D:5)
  4 worms
  3 dart slugs
  9 leopard geckos
  33 orcs
  10 giant cockroaches
  7 goblins
  5 hobgoblins
  8 jackals
  6 quokkas
  3 ball pythons
  2 ball python zombies (D:1)
  4 bats
  4 frilled lizards
  13 kobolds
  A leopard gecko skeleton (D:4)
  9 rats
254 creatures vanquished.

Notes
Turn   | Place    | Note
-------+----------+-------------------------------------------
     0 | D:1      | poirepourri the Minotaur Fighter began the quest for the
                  | Orb.
     0 | D:1      | Reached XP level 1. HP: 19/19 MP: 0/0
    55 | D:1      | Reached skill level 3 in Axes
    70 | D:1      | Reached XP level 2. HP: 26/26 MP: 1/1
   266 | D:1      | Reached skill level 4 in Axes
   599 | D:2      | Reached XP level 3. HP: 31/31 MP: 2/2
   637 | D:2      | Reached skill level 5 in Axes
   643 | D:2      | Reached XP level 4. HP: 26/39 MP: 3/3
   752 | D:2      | Reached skill level 6 in Axes
   812 | D:2      | Found a runed translucent door.
   813 | D:2      | Noticed Crazy Yiuf
   890 | D:2      | Found a shadowy altar of Dithmenos.
   890 | D:2      | Found a shimmering altar of Xom.
   891 | D:2      | Found a glowing golden altar of the Shining One.
  1028 | D:2      | Noticed Jessica
  1038 | D:2      | Killed Jessica
  1038 | D:2      | Reached XP level 5. HP: 11/45 MP: 4/4
  1662 | D:2      | Killed Crazy Yiuf
  1971 | D:3      | Reached skill level 7 in Axes
  2450 | D:4      | Noticed an ogre
  2456 | D:4      | Killed an ogre
  2456 | D:4      | Reached skill level 8 in Axes
  2456 | D:4      | Reached XP level 6. HP: 38/51 MP: 5/5
  2870 | D:4      | Reached skill level 9 in Axes
  2993 | D:4      | Found a staircase to the Ecumenical Temple.
  3191 | Temple   | Entered the Ecumenical Temple
  3339 | Temple   | Became a worshipper of Qazlal Stormbringer
  3490 | D:5      | Entered Level 5 of the Dungeon
  3504 | D:5      | Reached XP level 7. HP: 57/57 MP: 6/6
  3563 | D:5      | Found a runed translucent gate.
  3563 | D:5      | Found a runed translucent gate.
  3563 | D:5      | Found a runed translucent gate.
  3564 | D:5      | Noticed Voker57's ghost (novice DsGl)
  3664 | D:5      | Reached skill level 10 in Axes
  3909 | D:5      | Reached skill level 11 in Axes
  3911 | D:5      | Reached XP level 8. HP: 43/64 MP: 7/7
  4340 | D:6      | Reached * piety under Qazlal
  4352 | D:6      | Reached skill level 12 in Axes
  4718 | D:6      | You fall through a shaft!
  4752 | D:7      | Reached skill level 13 in Axes
  4857 | D:7      | Reached XP level 9. HP: 56/70 MP: 8/8
  4948 | D:7      | Reached ** piety under Qazlal
  5063 | D:7      | Reached skill level 14 in Axes
  5440 | D:8      | Noticed Grum
  5461 | D:8      | Killed Grum
  5461 | D:8      | Reached skill level 5 in Fighting
  6165 | D:8      | Reached *** piety under Qazlal
  6344 | D:8      | Noticed Harold
  6376 | D:8      | Killed Harold
  6376 | D:8      | Reached skill level 10 in Fighting
  6376 | D:8      | Reached XP level 10. HP: 53/93 MP: 9/9
  6907 | D:8      | Reached skill level 5 in Shields
  7912 | D:9      | Found a staircase to the Lair.
  7913 | D:9      | Found a staircase to the Orcish Mines.
  7963 | D:9      | Found a radiant altar of Vehumet.
  7995 | D:9      | Found a transporter.
  7998 | D:9      | Found a transporter.
  8137 | D:9      | Reached **** piety under Qazlal
  8172 | D:9      | Found a sparkling altar of Nemelex Xobeh.
  8173 | D:9      | Found an opulent altar of Gozag.
  8400 | D:9      | Found a roughly hewn altar of Beogh.
  8421 | D:9      | Got a slimy helmet
  8476 | D:10     | Entered Level 10 of the Dungeon
  8529 | D:10     | Noticed a gargoyle
  8537 | D:10     | Killed a gargoyle
  8557 | D:10     | HP: 4/93 [poisoned by a killer bee]
  8560 | D:10     | HP: 1/93 [poisoned by a killer bee]
  8562 | D:10     | Succumbed to a killer bee's poison

Vault maps used:
D:1:      saegor_arrival_fortress
D:2:      gammafunk_temple_overflow_claw, serial_forest,
          infiniplex_forest_clump_small, infiniplex_forest_straight_4,
          infiniplex_forest_clump_cross, infiniplex_forest_clump_tiny,
          infiniplex_forest_clump_double, infiniplex_forest_end_1, uniq_jessica,
          uniq_crazy_yiuf_cottage
D:4:      minmay_temple_entry_sparse_star
D:5:      first_ration, ebering_ghost_rock_garden
D:7:      minmay_general_purpose_star
D:8:      uniq_grum, uniq_harold
D:9:      gammafunk_beogh_shrine, grunt_temple_overflow_opulence,
          lemuel_crystal_altar, minmay_lair_entry_grove, orc_0_dummy
Temple:   eino_temple_rhombus

Skill      XL: |  1  2  3  4  5  6  7  8  9 10 |
---------------+-------------------------------+-----
Axes           | 3 4 5 6 8 9 11 13 14 | 14.1
Fighting       | 10 | 10.2
Shields        | 9 |  9.8
Armour         | |  3.6

Action                   |  1- 3 |  4- 6 |  7- 9 | 10-12 || total
-------------------------+-------+-------+-------+-------++-------
Melee: War axe           |    66 |   190 |   336 |   149 ||   741
       Headbutt          |     4 |    28 |    61 |    24 ||   117
       Unarmed           |       |       |    22 |       ||    22
Evoke: Wand              |       |       |     4 |     3 ||     7
  Use: Scroll            |     3 |     7 |     8 |     2 ||    20
       Potion            |       |     2 |     6 |     4 ||    12
  Eat: Ration            |       |     3 |     2 |     1 ||     6
       Chunk             |       |       |     3 |     5 ||     8
Armor: Scale mail        |    31 |    74 |   102 |    43 ||   250
       Skin              |       |       |    19 |       ||    19
Dodge: Dodged            |    20 |    44 |    60 |    36 ||   160
       Deflected         |       |       |       |     1 ||     1
Block: Shield            |    34 |    82 |   164 |   130 ||   410

Table legend:
 A = Non-vault XP
 B = Vault XP
 C = Vault XP percentage of total XP
 D = Non-vault monster count
 E = Vault monster count
 F = Vault count percentage of total count
                 A         B        C        D         E       F
            +---------+---------+-------+---------+---------+-------
      Total |    6535 |    3057 |  31.9 |     226 |      28 |  11.0
            +---------+---------+-------+---------+---------+-------
        D:1 |      33 |       2 |   5.7 |      18 |       2 |  10.0
        D:2 |     160 |      79 |  33.1 |      27 |       2 |   6.9
        D:3 |      89 |       0 |   0.0 |      30 |       0 |   0.0
        D:4 |     366 |       0 |   0.0 |      16 |       0 |   0.0
        D:5 |    1113 |       0 |   0.0 |      27 |       0 |   0.0
        D:6 |     402 |       0 |   0.0 |      13 |       0 |   0.0
        D:7 |    1047 |      53 |   4.8 |      25 |       2 |   7.4
        D:8 |    1264 |    1631 |  56.3 |      33 |       6 |  15.4
        D:9 |    1251 |    1292 |  50.8 |      28 |      16 |  36.4
       D:10 |     810 |       0 |   0.0 |       9 |       0 |   0.0
            +---------+---------+-------+---------+---------+-------
